 Dungeon Crawl Stone Soup version 0.31-a0-1549-g5ff9445e89 (webtiles) character file.

Game seed: 9574646863655766364

92 osuadh the Changeling (level 4, -1/32 HPs)
             Began as a Merfolk Shapeshifter on Jan 3, 2024.
             Slain by Natasha (8 damage)
             ... on level 3 of the Dungeon.
             The game lasted 00:04:41 (1997 turns).

osuadh the Changeling (Merfolk Shapeshifter)        Turns: 1997, Time: 00:04:42

Health: -1/32      AC:  2    Str: 12 (14) XL:     4   Next: 60%
Magic:  4/4        EV:  9    Int: 10 (11) God:
Gold:   147        SH:  0    Dex: 10 (13) Spells: 2/3 levels left

rFire   . .          .
                       - Unarmed
rCold   + . .        (no shield)
rNeg    . . .        a - +0 animal skin
rPois   .            (helmet currently unavailable)
rElec   .            (cloak currently unavailable)
rCorr   .            (gloves currently unavailable)
SInv    .            (boots currently unavailable)
Will    .....        (no amulet)
Stlth   +            p - ring of protection from cold
HPRegen 0.25/turn    (no ring)
MPRegen 0.09/turn

%: no passive effects
@: confused, beast-form, ambrosia-drunk, constricted
A: beast (slay +3), (nimble swimmer 2), mertail
a: Begin Untransformation


You were on level 3 of the Dungeon.
You were a hulking beast.
You visited 1 branch of the dungeon, and saw 3 of its levels.

You collected 147 gold pieces.

Inventory:

Missiles
 m - 2 curare-tipped darts
 r - a throwing net
Armour
 a - a +0 animal skin (worn)
 q - a +0 pair of boots
Jewellery
 p - a ring of protection from cold (left hand)
Talismans
 c - a beast talisman (active)
 d - a flux talisman
Scrolls
 e - a scroll of fear {unknown}
 f - a scroll of poison {unknown}
 h - 2 scrolls of immolation {unknown}
 i - a scroll of torment {unknown}
 j - 2 scrolls of identify {unknown}
 l - 3 scrolls of summoning {unknown}
 n - a scroll of fog {unknown}
 o - a scroll of revelation {unknown}
Potions
 b - a potion of lignification
 g - a potion of curing {unknown}
 k - a potion of degeneration
 s - a potion of ambrosia


   Skills:
 - Level 1.1 Fighting
 - Level 2.6 Dodging
 - Level 4.0 Unarmed Combat
 + Level 6.0 Shapeshifting


You had 2 spell levels left.
You knew the following spells:

 Your Spells              Type           Power      Damage    Failure   Level
a - Slow                  Hex            0%         N/A       36%         1

Your spell library contained the following spells:

 Spells                   Type           Power      Damage    Failure   Level
 Confusing Touch          Hex            0%         N/A       75%         3
 Fugue of the Fallen      Necr           0%         N/A       75%         3
 Ozocubu's Armour         Ice            0%         N/A       75%         3
 Sigil of Binding         Hex            0%         N/A       75%         3
 Vampiric Draining        Necr           0%         2d6       75%         3
 Manifold Assault         Tloc           0%         N/A       98%         4


Dungeon Overview and Level Annotations

Branches:
Dungeon (3/15)

Altars:

Annotations:
D:3 Natasha


Innate Abilities, Weirdness & Mutations

You are a hulking beast.
Your limbs bulge with bestial killing power. (Slay +3)
((You are very nimble when in or above water. (Stealth+, EV+, Speed+++)))
Your lower body shifts to a powerful aquatic tail in water.


Message History

a +0 club; a goblin corpse
There is an open door here.
Natasha, Servant of Life and Death comes into view.
Natasha hisses angrily.
Natasha is nearby!
Natasha is nearby!
Natasha is nearby!
Natasha completely misses you.
You hit Natasha.
Natasha is lightly wounded.
Natasha stares at you and mumbles some strange words.
The magic dart hits you!
You barely miss Natasha.
Natasha is lightly wounded.
Natasha stares at you and mumbles some strange words.
The magic dart hits you.
You closely miss Natasha.
Natasha is lightly wounded.
Natasha claws you.
A ball python comes into view.
You are too injured to fight recklessly!
The ball python hisses angrily.
You hit Natasha but do no damage.
Natasha is lightly wounded.
Natasha claws you!
* * * LOW HITPOINT WARNING * * *
You hit Natasha.
Natasha is moderately wounded.
Natasha claws you.
* * * LOW HITPOINT WARNING * * *
It was a potion of degeneration.
There was something very wrong with that liquid.
You feel weakened.
You feel dopey.
You feel clumsy. Natasha claws you but does no damage.
It was a potion of ambrosia.
You are confused.
You feel invigorated. The ball python barely misses you.
The ball python grabs you. The ball python constricts you. Natasha claws you!
You die...
Natasha begins licking her fur clean.

########### ### #.........# ..#
#.........####
..#########.............
..........#.............
#.........#............. ...
#.........#............. #......
'......)..'...>.hh...... +......
#.........#.....S....... #......
#.........#.........#######......
#.........######'#####...........
.......^..#### #..####...........
.............# ##................
..######.....# #................
..# #.....# #................
..#### #.....##............#####.


You could see Natasha and a ball python.

Vanquished Creatures
  Natasha (D:3)
  An adder (D:3)
  2 dart slugs (D:1)
  5 bats
  3 endoplasms
  2 giant cockroaches (D:1)
  9 goblins
  8 hobgoblins
  5 kobolds
  2 quokkas
  4 ball pythons
  A frilled lizard (D:1)
  3 rats
46 creatures vanquished.

Notes
Turn   | Place    | Note
-------+----------+-------------------------------------------
     0 | D:1      | osuadh the Merfolk Shapeshifter began the quest for the
                  | Orb.
     0 | D:1      | Reached XP level 1. HP: 15/15 MP: 1/1
   147 | D:1      | Reached XP level 2. HP: 19/21 MP: 2/2
   454 | D:1      | Reached XP level 3. HP: 25/26 MP: 3/3
   719 | D:1      | Learned a level 1 spell: Slow
  1122 | D:2      | Reached skill level 5 in Shapeshifting
  1421 | D:2      | Found a faded altar of an unknown god.
  1833 | D:3      | Noticed Natasha
  1843 | D:3      | Killed Natasha
  1844 | D:3      | Reached XP level 4. HP: 25/32 MP: 4/4
  1943 | D:3      | Reached skill level 6 in Shapeshifting
  1987 | D:3      | Noticed Natasha
  1997 | D:3      | Slain by Natasha

Illustrated notes

Levels and vault maps discovered:
D:1:      minmay_arrival_four_houses, layout_basic, wad_floor_pattern_untrapped,
          kennysheep_pointless_box, st_stairs_3
D:2:      layout_basic, hellmonk_ecumenical_altar_prayer_group
D:3:      layout_basic, minmay_surrounded, uniq_natasha

Skill      XL: |  1  2  3  4 |
---------------+-------------+-----
Unarmed Combat | 4 |  4.0
Shapeshifting  | 5 6 |  6.0
Fighting       | |  1.1
Dodging        | |  2.6

Action                     |  1- 3 |  4- 6 || total
---------------------------+-------+-------++-------
  Melee: Unarmed           |   107 |     9 ||   116
         Punch             |     6 |       ||     6
    Use: Potion            |       |     2 ||     2
 Armour: Animal skin       |    49 |     8 ||    57
  Dodge: Dodged            |    80 |     5 ||    85
   Form: Beast             |     1 |       ||     1

Table legend: (Time is in decaauts)
 A = Elapsed time spent in this place.
 B = Non-inter-level travel time spent in this place.
 C = Inter-level travel time spent in this place.
 D = Time resting spent in this place.
 E = Time spent auto-exploring this place.
 F = Levels seen in this place.
 G = Mean time per level.
                   A        B        C        D        E       F      G
               +--------+--------+--------+--------+--------+-----+--------+
         Total |   1987 |   1895 |     92 |      0 |   1570 |   3 |  662.3 |
       Dungeon |   1987 |   1895 |     92 |      0 |   1570 |   3 |  662.3 |
               +--------+--------+--------+--------+--------+-----+--------+

Top non-repeatable levels by time:
     D:1: 1051 daAuts
     D:2: 731 daAuts
     D:3: 205 daAuts
